 Dungeon Crawl Stone Soup version 0.26-a0-651-gb41185065b (webtiles) character file.

Game seed: 8084395404661978581

32 Flugslaktarn the Shield-Bearer (level 3, -5/34 HPs)
             Began as a Deep Dwarf Fighter on Oct 9, 2020.
             Slain by an orc
             ... wielding a +0 hand axe of electrocution
              (19 damage)
             ... on level 2 of the Dungeon.
             The game lasted 00:00:09 (205 turns).

Flugslaktarn the Shield-Bearer (Deep Dwarf Fighter)  Turns: 205, Time: 00:00:10

Health: -5/34      AC:  6    Str: 19    XL:     3   Next: 8%
Magic:  3/3        EV:  7    Int:  8    God:
Gold:   0          SH:  9    Dex: 13    Spells: 2/2 levels left

rFire    . . .     SeeInvis .   a - +0 war axe
rCold    . . .     Faith    .   c - +0 kite shield
rNeg     . . .     Spirit   .   b - +0 scale mail
rPois    .         Reflect  .   (no helmet)
rElec    .         Harm     .   (no cloak)
rCorr    .         Rampage  .   (no gloves)
MR       .....                  (no boots)
Stlth    ..........             (no amulet)
HPRegen  0.00/turn              (no ring)
MPRegen  0.08/turn              (no ring)

@: non-regenerating, drained
A: damage resistance, heal wounds, sense surroundings 1, no regeneration
a: Heal Wounds


You were on level 2 of the Dungeon.
You visited 1 branch of the dungeon, and saw 2 of its levels.

Inventory:

Hand Weapons
 a - a +0 war axe (weapon)
Armour
 b - a +0 scale mail (worn)
 c - a +0 kite shield (worn)
Scrolls
 e - a scroll of teleportation {unknown}
Potions
 d - a potion of might
 f - 3 potions of cancellation {unknown}


   Skills:
 * Level 3.1(2.1) Fighting
 * Level 2.9(1.9) Axes
 + Level 3.5(2.5) Armour
 + Level 3.5(2.5) Shields


You had 2 spell levels left.
You didn't know any spells.
Your spell library was empty.

Dungeon Overview and Level Annotations

Branches:
Dungeon (2/15)

Altars:


Innate Abilities, Weirdness & Mutations

You are resistant to damage.
You can heal yourself by infusing magical energy.
You passively map a small area around you.
You do not regenerate.


Message History

You hear some strange, mumbled words.
A puff of flame appears from out of thin air!
You block the puff of flame.
The hobgoblin throws a stone.
The orc hits you but does no damage.
You hit the orc.
You kill the orc!
You miss something.
You hear some strange, mumbled words.
A puff of frost appears from out of thin air!
The puff of frost hits you.
The hobgoblin throws a stone.
You hear some strange, mumbled words.
A magic dart appears from out of thin air!
The magic dart hits you.
The hobgoblin throws a stone.
The stone hits you but does no damage.
You hit something. You closely miss the orc. You slash something!
The orc hits you with a +0 hand axe of electrocution.
You are electrocuted!!
Ouch! That really hurt!
You die...

* , #..... *.#≈≈≈≈. *
, #(....# .#≈≈≈≈# ,,
#.....# .≈≈≈≈≈# ,
,****#.....# .≈≈≈≈≈#
,+...... .≈≈≈≈# , ,
.#####.....###≈≈≈≈≈# ,
, ...........#.<≈≈≈≈≈#
,
,......l###....≈≈≈≈##*
,......go@..88≈≈≈≈≈88.
*
......l#)............
,
.......#.............
, *
?......##..88≈≈≈≈≈88.
* * .......
####≈≈≈≈≈.... .......
#≈≈≈≈≈.### , ,....###
#≈≈≈≈#.# , , ....
≈≈≈≈# , , ≈ *


You could see an orc, a leopard gecko, a hobgoblin and a frilled lizard.

Vanquished Creatures
  2 adders (D:2)
  A dart slug (D:2)
  An orc (D:2)
  2 goblins
  2 hobgoblins (D:1)
  2 kobolds (D:2)
  A rat (D:1)
11 creatures vanquished.

Notes
Turn   | Place    | Note
-------+----------+-------------------------------------------
     0 | D:1      | Flugslaktarn the Deep Dwarf Fighter began the quest for the
                  | Orb.
     0 | D:1      | Reached XP level 1. HP: 20/20 MP: 1/1
   175 | D:2      | Reached XP level 2. HP: 27/27 MP: 2/2
   192 | D:2      | Reached XP level 3. HP: 24/34 MP: 3/3
   205 | D:2      | Slain by an orc

Illustrated notes

Levels and vault maps discovered:
D:1:      wander_arrival_abandoned_jail, layout_loops_ring
D:2:      wander_river, layout_basic

Skill      XL: |  1  2 |
---------------+-------+-----
Fighting       | 3 |  3.1
Axes           | |  2.9
Armour         | |  3.5
Shields        | |  3.5

Action                   || total
-------------------------++-------
Melee: War axe           ||    43
 Abil: Heal Wounds       ||     1
Armor: Scale mail        ||    17
Dodge: Dodged            ||    15
Block: Kite shield       ||    18

Table legend: (Time is in decaauts)
 A = Elapsed time spent in this place.
 B = Non-inter-level travel time spent in this place.
 C = Inter-level travel time spent in this place.
 D = Time resting spent in this place.
 E = Time spent auto-exploring this place.
 F = Levels seen in this place.
 G = Mean time per level.
                   A        B        C        D        E       F      G
               +--------+--------+--------+--------+--------+-----+--------+
         Total |    223 |    209 |     14 |      0 |    129 |   2 |  111.5 |
       Dungeon |    223 |    209 |     14 |      0 |    129 |   2 |  111.5 |
               +--------+--------+--------+--------+--------+-----+--------+

Top non-repeatable levels by time:
     D:1: 168 daAuts
     D:2: 55 daAuts
